 Dungeon Crawl Stone Soup version 0.19.5 (webtiles) character file.

263 Rrauwl the Skirmisher (level 6, -6/55 HPs)
             Began as a Hill Orc Fighter on Mar 11, 2017.
             Killed from afar by an orc wizard (10 damage)
             ... with a puff of frost
             ... on level 3 of the Dungeon.
             The game lasted 00:10:16 (2381 turns).

Rrauwl the Skirmisher (Hill Orc Fighter)            Turns: 2381, Time: 00:10:17

Health: -6/55      AC:  8    Str: 24      XL:     6   Next: 19%
Magic:  6/6        EV:  9    Int: 10      God:
Gold:   124        SH:  9    Dex:  9 (10) Spells: 0 memorised, 5 levels left

rFire  . . .     SeeInvis .     a - +1 war axe
rCold  . . .     Gourm    .     o - +0 ring mail
rNeg   . . .     Faith    .     c - +0 shield
rPois  .         Spirit   .     (no helmet)
rElec  .         Reflect  .     (no cloak)
rCorr  +         Harm     .     (no gloves)
MR     .....                    j - +0 pair of boots
Stlth  ..........               (no amulet)
                                i - +1 ring of protection
                                k - ring of resist corrosion

@: mighty, lethally poisoned (-6 -> -40), very slightly contaminated, hasted,
very quick
A: no striking features
a: no special abilities


You were on level 3 of the Dungeon.
You were hungry.

You visited 1 branch of the dungeon, and saw 3 of its levels.

You collected 124 gold pieces.

Inventory:

Hand Weapons
 a - a +1 war axe (weapon)
Armour
 c - a +0 shield (worn)
 j - a +0 pair of boots (worn)
 o - a +0 ring mail (worn)
Jewellery
 i - a +1 ring of protection (right hand)
 k - a ring of resist corrosion (left hand)
Scrolls
 g - a scroll of teleportation
 h - a scroll of identify
 r - a scroll of enchant armour {unknown}
Potions
 d - 3 potions of might
 p - a potion of haste
Comestibles
 b - a beef jerky
 f - 2 bread rations
 l - 2 chunks of flesh
 m - a royal jelly
 n - 2 meat rations
 q - a slice of pizza


   Skills:
 + Level 4.9 Fighting
 + Level 4.7 Axes
 + Level 4.7 Armour
 + Level 1.4 Dodging
 + Level 4.0 Shields


You had 5 spell levels left.
You didn't know any spells.

Dungeon Overview and Level Annotations

Branches:
Dungeon (3/15)

Altars:


Message History

You miss the orc wizard.
The orc wizard is moderately wounded.
You completely miss the orc wizard.
* * * LOW HITPOINT WARNING * * *
You feel sick. The orc wizard hits you with a dagger.
* * * LOW HITPOINT WARNING * * *
The orc wizard closely misses you. The orc wizard hits you with a dagger.
* * * LOW HITPOINT WARNING * * *
There is a lethal amount of poison in your body!
Your ring mail prevents you from hitting the orc wizard.
The orc wizard is moderately wounded.
You closely miss the orc wizard.
* * * LOW HITPOINT WARNING * * *
You feel sick.
The orc wizard hits you but does no damage.
You are more poisoned.
You block the orc wizard's attack.
The orc wizard gestures at you while chanting.
The puff of frost hits you!
You die...

#.# #.#.. ....... #.#
#.#.. ....... #.# #.#.#
....... #.# #.#.#
....... ###.######.#.#
.......####....)(..#.#..
.......#.......###.#.###
...?...#.......# #.#....
......o@.......# #.###.)
......o.....#### #...'.)
...########## #####.) .
....... #######


You could see 2 orc wizards.

Vanquished Creatures
  2 orc priests (D:3)
  An orc wizard (D:3)
  Terence (D:2)
  5 adders
  4 worms
  4 dart slugs
  3 leopard geckos
  6 orcs (D:3)
  A ball python (D:2)
  7 bats
  3 giant cockroaches
  5 goblins
  2 hobgoblins
  11 jackals
  A quokka (D:2)
  3 frilled lizards
  12 kobolds
  7 rats
78 creatures vanquished.

Notes
Turn   | Place    | Note
-------+----------+-------------------------------------------
     0 | D:1      | Rrauwl the Hill Orc Fighter began the quest for the Orb.
     0 | D:1      | Reached XP level 1. HP: 19/19 MP: 1/1
   167 | D:1      | Reached XP level 2. HP: 26/27 MP: 2/2
   667 | D:1      | Reached XP level 3. HP: 33/33 MP: 3/3
  1011 | D:2      | Reached XP level 4. HP: 40/40 MP: 4/4
  1465 | D:2      | Noticed Terence
  1474 | D:2      | Killed Terence
  1474 | D:2      | Reached XP level 5. HP: 46/47 MP: 5/5
  1698 | D:3      | Reached skill level 1 in Dodging
  1890 | D:3      | Reached XP level 6. HP: 33/55 MP: 6/6
  2381 | D:3      | Killed from afar by an orc wizard

Skill      XL: |  1  2  3  4  5 |
---------------+----------------+-----
Axes           | 3 4 |  4.7
Fighting       | 4 |  4.9
Armour         | 4 |  4.7
Dodging        | 1 |  1.4
Shields        | 4 |  4.0

Action                   |  1- 3 |  4- 6 || total
-------------------------+-------+-------++-------
Melee: War axe           |   109 |   140 ||   249
  Use: Potion            |     2 |     6 ||     8
       Scroll            |     1 |     1 ||     2
  Eat: Chunk             |     1 |     4 ||     5
Armor: Scale mail        |    61 |    14 ||    75
       Ring mail         |       |    35 ||    35
Dodge: Dodged            |    41 |    34 ||    75
Block: Shield            |    73 |    51 ||   124
